AoeStats
← giannis

Arena

508492452Analyzed
4v4 RM · 10d ago on Sep 22, 2026· 48m 47s· 8 players
Game mode
Random Map
Map size
Large (8 player)
Population
200
Speed
Normal
Resources
Standard
Victory
Conquest
Starting age
Dark Age
Ending age
Imperial Age
RankedLock teamsTeams togetherTeam positionsShared explorationLock speedFull tech treeHidden civsTurbo modeCheats
Victory
Defeat
🇩🇪 Persians · Germany
842
+16
🇹🇷 Poles · Türkiye
815
+17
🇩🇪 Britons · Germany
806
+17
🇬🇷 Teutons · Greece
792
+18
🇫🇷 Saxons · France
892
-20
🇫🇷 Romans · France
856
-18
🇫🇷 Hindustanis · France
791
-15
🇫🇷 Poles · France
789
-15
DontDoDrugsKids
9:47 Feudal Age
11:38 Double-Bit Axe
18:06 Castle Age
19:03 Stone Mining
19:27 Bow Saw
25:13 Gold Mining
26:22 Scale Barding Armor
27:08 Squires
26:35 Pikeman
28:35 Fletching
28:47 Padded Archer Armor
30:18 Wheelbarrow
30:14 Leather Archer Armor
32:09 Hand Cart
32:17 Bodkin Arrow
36:10 Ballistics
38:55 Imperial Age
36:57 Chain Barding Armor
36:37 Scale Mail Armor
36:47 Forging
38:59 Elite Longbowman
40:12 Ring Archer Armor
39:43 Bracer
40:53 Halberdier
42:08 Horse Collar
45:32 Two-Man Saw
45:39 Plate Barding Armor
45:20 Chain Mail Armor
MVXD
9:44 Feudal Age
13:32 Castle Age
11:42 Double-Bit Axe
12:27 Horse Collar
15:21 Bow Saw
17:03 Loom
17:54 Town Watch
18:47 Wheelbarrow
21:39 Gold Mining
22:10 Stone Mining
24:00 Husbandry
24:11 Bloodlines
25:28 Scale Barding Armor
26:10 Forging
28:29 Gold Shaft Mining
28:13 Hand Cart
27:44 Town Watch
28:43 Chain Barding Armor
32:07 Stone Shaft Mining
34:29 Imperial Age
34:25 Heavy Camel Rider
35:56 Plate Barding Armor
36:58 Iron Casting
36:45 Heavy Plow
36:30 Elite War Elephant
39:05 Herbal Medicine
40:49 Citadels
40:12 Cavalier
41:24 Crop Rotation
42:28 Blast Furnace
41:45 Savar
44:32 Conscription
sonsehzadee
10:41 Feudal Age
17:18 Castle Age
16:00 Double-Bit Axe
15:59 Horse Collar
16:14 Gold Mining
16:19 Stone Mining
19:13 Wheelbarrow
24:29 Hand Cart
24:31 Loom
30:04 Imperial Age
29:31 Stone Shaft Mining
32:15 Conscription
32:17 Lechitic Legacy
31:18 Elite Obuch
31:36 Capped Ram
33:01 Bow Saw
33:07 Heavy Plow
32:36 Siege Ram
33:51 Light Cavalry
34:42 Bloodlines
34:33 Husbandry
35:21 Crop Rotation
35:07 Scale Barding Armor
35:03 Scale Mail Armor
35:13 Forging
36:40 Winged Hussar
38:31 Chain Barding Armor
giannis
11:18 Feudal Age
16:00 Castle Age
13:50 Double-Bit Axe
14:27 Horse Collar
22:29 Scale Mail Armor
23:16 Forging
23:32 Fletching
24:37 Gambesons
26:52 Padded Archer Armor
27:51 Heavy Plow
28:05 Bow Saw
27:22 Pikeman
28:02 Squires
28:56 Iron Casting
28:36 Chain Mail Armor
29:01 Crossbowman
32:29 Imperial Age
30:11 Gold Mining
30:12 Stone Mining
30:58 Chain Mail Armor
31:44 Scale Barding Armor
31:34 Bodkin Arrow
31:54 Leather Archer Armor
32:00 Town Watch
32:01 Loom
32:50 Chain Barding Armor
33:16 Ballistics
33:07 Fortified Wall
33:20 Fervor
34:22 Chemistry
34:37 Blast Furnace
34:07 Plate Mail Armor
33:01 Elite Skirmisher
34:14 Plate Mail Armor
34:34 Ironclad
34:36 Conscription
35:47 Two-Man Saw
34:33 Elite Teutonic Knight
36:06 Crop Rotation
36:44 Crenellations
37:31 Stone Shaft Mining
37:25 Leather Archer Armor
38:17 Hoardings
37:09 Man-at-Arms
37:50 Squires
37:36 Arson
38:48 Siege Engineers
38:43 Onager
40:11 Halberdier
41:20 Guard Tower
45:06 Keep
44:16 Arrowslits
44:09 Long Swordsman
45:28 Plate Barding Armor
45:10 Heavy Mounted Crossbowman
46:43 Siege Onager
47:48 Caravan
48:00 Guilds
49:41 Coinage
49:39 Bombard Tower
49:30 Masonry
Alex
12:51 Feudal Age
16:58 Castle Age
19:35 Horse Collar
19:42 Double-Bit Axe
20:14 Forging
20:05 Scale Mail Armor
21:57 Chain Mail Armor
23:19 Heavy Plow
27:31 Bow Saw
27:15 Gold Mining
34:02 Imperial Age
33:45 Iron Casting
33:12 Padded Archer Armor
35:54 Chemistry
38:13 Gold Shaft Mining
39:31 Grand Trunk Road
39:32 Shatagni
46:49 Shatagni
47:10 Conscription
Floc
0:30 Loom
11:54 Feudal Age
13:26 Double-Bit Axe
17:03 Castle Age
16:25 Scale Mail Armor
18:45 Horse Collar
20:02 Heavy Plow
20:27 Chain Mail Armor
22:41 Forging
24:02 Bow Saw
25:40 Gold Mining
28:25 Gold Shaft Mining
30:19 Iron Casting
34:27 Imperial Age
32:14 Stone Mining
32:56 Gambesons
33:14 Squires
34:35 Shield Wall
36:27 Wheelbarrow
35:21 Pikeman
36:18 Halberdier
38:12 Plate Mail Armor
Arntor Sigurvegari
8:30 Loom
10:35 Feudal Age
13:11 Double-Bit Axe
13:25 Horse Collar
16:58 Castle Age
15:06 Man-at-Arms
16:13 Scale Mail Armor
17:04 Forging
17:02 Pikeman
17:46 Town Watch
18:45 Squires
22:55 Bow Saw
22:34 Long Swordsman
29:15 Stone Mining
29:15 Gold Mining
29:23 Gold Mining
29:36 Heavy Plow
32:38 Gold Shaft Mining
35:12 Wheelbarrow
38:19 Imperial Age
39:45 Crop Rotation
39:27 Legionary
40:40 Hand Cart
40:17 Heavy Scorpion
40:24 Heavy Scorpion
42:43 Halberdier
45:11 Chain Mail Armor
45:32 Iron Casting
44:58 Padded Archer Armor
44:48 Fletching
Fauston
1:50 Loom
11:55 Feudal Age
13:01 Horse Collar
13:13 Double-Bit Axe
17:15 Castle Age
18:05 Bloodlines
17:58 Husbandry
17:18 Light Cavalry
20:08 Loom
21:07 Stone Mining
22:19 Forging
22:23 Scale Barding Armor
28:01 Szlachta Privileges
35:19 Iron Casting
38:42 Scale Mail Armor
45:30 Imperial Age
45:29 Chain Mail Armor
45:35 Winged Hussar
49:16 Lechitic Legacy
49:19 Conscription
Connection lost

Rejoining the realm…

Still unreachable

The connection could not be restored.

Session expired

The server has moved on; the page needs a fresh start.